 Dungeon Crawl Stone Soup version 0.29-a0-414-g5075937ec3 (webtiles) character file.

Game seed: 15500499359051400951

137 marklar909 the Skirmisher (level 5, 0/44 HPs)
             Began as a Palentonga Fighter on May 16, 2022.
             Slain by an orc priest
             ... wielding a +0 hand axe
              (6 damage)
             ... on level 3 of the Dungeon.
             The game lasted 00:02:16 (1766 turns).

marklar909 the Skirmisher (Palentonga Fighter)      Turns: 1766, Time: 00:02:16

Health: 0/44       AC:  9    Str: 20    XL:     5   Next: 0%
Magic:  0/5        EV:  7    Int:  8    God:
Gold:   146        SH:  4    Dex: 11    Spells: 4/4 levels left

rFire   . . .      SeeInvis +   a - +0 war axe (venom)
rCold   + . .      Faith    .   c - +0 buckler
rNeg    . . .      Spirit   +   b - +1 scale mail
rPois   .          Reflect  .   l - +0 helmet
rElec   .          Harm     .   (no cloak)
rCorr   .          Rampage  .   (no gloves)
Will    .....                   (no barding)
Stlth   ..........              i - amulet of guardian spirit
HPRegen 0.14/turn               h - ring of protection from cold
MPRegen 0.09/turn               (no ring)

@: about to teleport
A: large, rugged brown scales 3, see invisible, deformed body, roll 1, armoured
tail
a: Rolling Charge


You were on level 3 of the Dungeon.
You visited 1 branch of the dungeon, and saw 3 of its levels.

You collected 146 gold pieces.

Inventory:

Hand Weapons
 a - a +0 war axe of venom (weapon)
Armour
 b - a +1 scale mail (worn)
 c - a +0 buckler (worn)
 l - a +0 helmet (worn)
Jewellery
 h - a ring of protection from cold (left hand)
 i - an amulet of guardian spirit (around neck)
 j - an amulet of the acrobat
Wands
 e - a wand of charming (15)
Scrolls
 g - a scroll of teleportation
Potions
 d - a potion of might
 f - a potion of lignification {unknown}
 k - a potion of mutation {unknown}
 m - a potion of degeneration {unknown}


   Skills:
 * Level 3.8 Fighting
 + Level 3.2 Axes
 * Level 3.3 Armour
 + Level 0.1 Stealth
 + Level 3.0 Shields


You had 4 spell levels left.
You didn't know any spells.
Your spell library was empty.

Dungeon Overview and Level Annotations

Branches:
Dungeon (3/15)

Altars:
Beogh


Innate Abilities, Weirdness & Mutations

You are completely covered in rugged brown scales. (AC +3, +7% HP)
You have supernaturally acute eyesight. (SInv)
Armour fits poorly on your strangely shaped body.
You can roll at nearby foes to attack.
You have a long armoured tail.


Message History

There is an open door here.
There are monsters nearby!
The orc priest hits you with a +0 hand axe.
There are monsters nearby!
There are monsters nearby!
You hit the orc priest.
The orc priest is poisoned.
The orc priest is lightly wounded.
You barely miss the orc. The orc barely misses you.
The orc priest barely misses you.
You closely miss the orc priest.
The orc priest is lightly wounded.
You hit the orc. The orc hits you with a +0 dagger.
The orc priest hits you but does no damage.
The orc priest hits you with a +0 hand axe.
The orc priest mumbles some strange prayers to Beogh against you.
Beogh smites you! You block the orc priest's attack.
The orc hits you but does no damage.
You slash the orc!
You kill the orc!
You hit the orc priest.
The orc priest is poisoned.
You closely miss the orc priest.
The orc priest invokes the aid of Beogh against you.
Beogh smites you!
* * * LOW HITPOINT WARNING * * *
You have reached level 5!
As you read the scroll of teleportation, it crumbles to dust.
You feel strangely unstable. The orc priest closely misses you.
You block the orc priest's attack. The orc hits you with a +0 hand axe.
* * * LOW HITPOINT WARNING * * *
Unknown command.
The orc priest barely misses you.
The orc priest invokes the aid of Beogh against you.
You barely resist.
There is an open door here.
The orc priest attacks as you move away!
The orc priest hits you with a +0 hand axe.
* * * LOW HITPOINT WARNING * * *
The orc priest attacks as you move away!
The orc priest hits you with a +0 hand axe!
You die...

...........# .... ......#
.#####.....# ### .<...#.....#
#.. .#.........# #.#
##.#....)..#### #.#
........).##...## #.#
##.##.)...#.8.8o### #.#
#.##..)..#_$o.o@.###.#
#.##.....#.8$8o#.....#######.#
##........##.$.######.#.......#
...........#### #.#.#######
......#.#.#...# #.........#
...)>...#.#...# ###.##..#.#
........#.#...#########.##..#.#
......#.#...................#.#
####..................#.###.#.#


You could see 3 orc priests and an orc.

Vanquished Creatures
  Jessica (D:2)
  An orc wizard (D:3)
  2 adders
  4 orcs (D:3)
  9 endoplasms
  A giant cockroach (D:2)
  3 goblins
  5 hobgoblins
  2 jackals (D:1)
  11 kobolds
  4 quokkas
  8 ball pythons
  3 bats
  A frilled lizard (D:1)
  4 rats
59 creatures vanquished.

Notes
Turn   | Place    | Note
-------+----------+-------------------------------------------
     0 | D:1      | marklar909 the Palentonga Fighter began the quest for the
                  | Orb.
     0 | D:1      | Reached XP level 1. HP: 19/19 MP: 1/1
   127 | D:1      | Reached XP level 2. HP: 22/25 MP: 2/2
   409 | D:1      | Found a faded altar of an unknown god.
   779 | D:2      | Reached XP level 3. HP: 24/31 MP: 3/3
   970 | D:2      | You fall into a shaft and drop 1 floor!
  1029 | D:2      | Noticed Jessica
  1032 | D:2      | Killed Jessica
  1033 | D:2      | Reached XP level 4. HP: 32/38 MP: 4/4
  1764 | D:3      | Reached XP level 5. HP: 12/44 MP: 2/5
  1766 | D:3      | Slain by an orc priest

Illustrated notes

Levels and vault maps discovered:
D:1:      pf_arrival_petrified_forest, layout_basic,
          hellmonk_ecumenical_altar_pennies_from_heaven
D:2:      layout_loops_corners, uniq_jessica
D:3:      layout_basic, lemuel_doored_altar, kennysheep_orc_chapel

Skill      XL: |  1  2  3  4 |
---------------+-------------+-----
Shields        | 3 |  3.0
Armour         | 3 |  3.3
Axes           | 3 |  3.2
Fighting       | |  3.8
Stealth        | |  0.1

Action                   |  1- 3 |  4- 6 || total
-------------------------+-------+-------++-------
Melee: War axe           |    62 |    50 ||   112
       Tailslap          |     4 |     2 ||     6
 Abil: Rolling Charge    |       |     1 ||     1
  Use: Scroll            |     5 |     2 ||     7
Armor: Scale mail        |    40 |    21 ||    61
Dodge: Dodged            |    35 |    26 ||    61
Block: Buckler           |    10 |    14 ||    24

Table legend: (Time is in decaauts)
 A = Elapsed time spent in this place.
 B = Non-inter-level travel time spent in this place.
 C = Inter-level travel time spent in this place.
 D = Time resting spent in this place.
 E = Time spent auto-exploring this place.
 F = Levels seen in this place.
 G = Mean time per level.
                   A        B        C        D        E       F      G
               +--------+--------+--------+--------+--------+-----+--------+
         Total |   1812 |   1734 |     78 |      0 |   1372 |   3 |  604.0 |
       Dungeon |   1812 |   1734 |     78 |      0 |   1372 |   3 |  604.0 |
               +--------+--------+--------+--------+--------+-----+--------+

Top non-repeatable levels by time:
     D:2: 964 daAuts
     D:1: 650 daAuts
     D:3: 197 daAuts
